 Dungeon Crawl Stone Soup version 0.24.0-123-gd5b16e6ec5 (webtiles) character file.

Game seed: 11199790716707572273, levelgen mode: deterministic

1363 FluffierThanThou the Skirmisher (level 8, 0/65 HPs)
             Began as a Demonspawn Berserker on Jan 14, 2020.
             Was an Elder of Trog.
             Slain by a scorpion (9 damage)
             ... on level 6 of the Dungeon.
             The game lasted 00:16:59 (7216 turns).

FluffierThanThou the Skirmisher (DsBe)              Turns: 7216, Time: 00:17:00

Health: 0/65       AC:  3    Str: 20 (21) XL:     8   Next: 38%
Magic:  8/8        EV: 13    Int:  8      God:    Trog [****..]
Gold:   263        SH:  0    Dex: 12      Spells: 7/7 levels left

rFire    . . .     SeeInvis .   a - +0 hand axe
rCold    . . .     Gourm    .   (no shield)
rNeg     . . .     Faith    .   b - +0 animal skin
rPois    .         Spirit   .   (helmet restricted)
rElec    .         Reflect  .   (no cloak)
rCorr    .         Harm     .   i - +0 pair of gloves
MR       .....     Clarity  +   (no boots)
Stlth    +.........             (no amulet)
HPRegen  0.20/turn              (no ring)
MPRegen  0.11/turn              (no ring)

@: lethally poisoned (0 -> -7), hasted, lightly drained, very quick
A: horns 2, clarity, demonic guardian 2, sense surroundings 1, powered by pain 1
a: Berserk, Trog's Hand, Brothers in Arms, Renounce Religion


You were on level 6 of the Dungeon.
You worshipped Trog.
Trog was greatly pleased with you.
You were not hungry.

You visited 1 branch of the dungeon, and saw 6 of its levels.

You collected 263 gold pieces.

Inventory:

Hand Weapons
 a - a +0 hand axe (weapon)
Armour
 b - a +0 animal skin (worn)
 i - a +0 pair of gloves (worn)
   (You found it on level 2 of the Dungeon)
Jewellery
 v - an uncursed ring of wizardry
   (You found it on level 4 of the Dungeon)
Wands
 o - a wand of paralysis (10)
   (You found it on level 3 of the Dungeon)
Scrolls
 c - a scroll of magic mapping {unknown}
 d - 2 scrolls of amnesia {unknown}
 f - 2 scrolls of fear {unknown}
 g - 2 scrolls of remove curse {unknown}
 j - 3 scrolls of identify {@r1}
 l - a scroll of random uselessness {unknown}
 p - a scroll of fog {unknown}
 q - a scroll of noise {unknown}
 s - a scroll of immolation {unknown}
 t - 2 scrolls of teleportation {unknown}
 u - a scroll of enchant weapon {unknown}
Potions
 h - a potion of flight
 k - a potion of degeneration {!q}
 m - a potion of ambrosia
 n - a potion of magic
 r - a potion of brilliance
 w - a potion of curing {@q1}
 x - a potion of haste {@q3}
Comestibles
 e - 2 rations {!d}


   Skills:
 * Level 6.6(6.2) Fighting
 * Level 6.1(5.8) Axes
 + Level 4.0(3.7) Armour
 + Level 4.2(3.9) Dodging


You had 7 spell levels left.
You didn't know any spells.
Your spell library was empty.

Dungeon Overview and Level Annotations

Branches:
Dungeon (6/15)             Temple (0/1) D:6

Altars:
Dithmenos
Elyvilon
Hepliaklqana
Makhleb
Nemelex Xobeh
Okawaru
Qazlal
Sif Muna
Uskayaw
Vehumet
Yredelemnul


Innate Abilities, Weirdness & Mutations

You have a pair of horns on your head.
A demonic guardian rushes to your aid.
You sometimes gain a little power by taking damage.
You possess an exceptional clarity of mind.
You passively map a small area around you.


Message History

* * * LOW HITPOINT WARNING * * *
You are too injured to fight recklessly!
You are too injured to fight recklessly!
You are too injured to fight recklessly!
You are too injured to fight recklessly!
You hit the bullfrog skeleton but do no damage.
Your headbutt misses the bullfrog skeleton.
You feel sick. The bullfrog skeleton misses you.
You slash the bullfrog skeleton! You headbutt the bullfrog skeleton.
You feel sick.
The bullfrog skeleton hits you but does no damage.
You slash the bullfrog skeleton!
The bullfrog skeleton hits you but does no damage.
The bullfrog skeleton hits you.
* * * LOW HITPOINT WARNING * * *
You hit the bullfrog skeleton. You headbutt the bullfrog skeleton.
You feel sick. The bullfrog skeleton hits you.
* * * LOW HITPOINT WARNING * * *
You hit the bullfrog skeleton.
You destroy the bullfrog skeleton!
Trog accepts your kill.
You feel your dexterity returning.
You feel sick.
You start putting on your armour.
You continue putting on your pair of gloves.
You feel sick.
You continue putting on your pair of gloves. x3
You finish putting on your +0 pair of gloves.
Search for what [? for help]? armor You feel sick.
You feel sick.
You feel sick.
A scorpion comes into view.
It was a potion of haste.
You feel yourself speed up.
You hit the scorpion. The scorpion barely misses you.
You barely miss the scorpion. You hit the scorpion.
Your headbutt misses the scorpion.
You feel sick.
You are no longer poisoned.
The scorpion misses you.
You hit the scorpion but do no damage. Your headbutt misses the scorpion.
The scorpion stings you.
* * * LOW HITPOINT WARNING * * *
You hit the scorpion but do no damage. You barely miss the scorpion.
Your headbutt misses the scorpion. The scorpion stings you.
* * * LOW HITPOINT WARNING * * *
You are poisoned.
The scorpion poisons you!
You barely miss the scorpion.
You feel sick. The scorpion stings you!
You die...

#.....###..#####........ ,
#....## ##.##...........
#.....## ..##.##........, ,
#......#.#.......#####.#, ,
#........####.##.# #
..#####.#####.##.# * , ###
#.##.......# * .#
#.##.##..#.# , ,
.######.##.##..#@# #...... *
.##.<..........#s# ..≈≈≈.. *
....#...##.###.#.####.≈≈§≈≈.
.####..........#.#...≈≈≈≈≈≈≈.
.# #...##.........##≈§≈>≈§≈
.# ########..P.P[.#.≈§≈≈≈≈≈ ,
## #..._...#..≈§≈§≈.#
#..P.P..#...≈§≈..#
#.......#.##.##.#


You could see a scorpion.

Vanquished Creatures
  An ice beast (D:5)
  A phantom (D:4)
  An ogre (D:4)
  3 scorpions
  A wight (D:6)
  3 howler monkeys
  A crimson imp (D:6)
  3 hounds
  4 bullfrog skeletons
  An orc wizard (D:4)
  An iguana (D:6)
  5 worker ants
  A hound skeleton (D:4)
  A worker ant zombie (D:6)
  3 gnolls
  4 adders
  A howler monkey skeleton (D:4)
  3 shadow imps
  2 oozes
  2 leopard geckos
  7 orcs
  2 ball pythons
  6 giant cockroaches
  5 goblins
  10 hobgoblins
  23 jackals
  4 quokkas
  10 bats
  6 frilled lizards
  8 kobolds
  A quokka skeleton (D:5)
  A quokka zombie (D:5)
  9 rats
134 creatures vanquished.

Vanquished Creatures (collateral kills)
  A hungry ghost (D:4)
  4 wights (D:6)
  2 gnolls (D:3)
  An adder (D:4)
  An orc (D:4)
  A goblin (D:3)
  A jackal (D:4)
  A kobold (D:3)
12 creatures vanquished.

Grand Total: 146 creatures vanquished

Notes
Turn   | Place    | Note
-------+----------+-------------------------------------------
     0 | D:1      | FluffierThanThou the Demonspawn Berserker began the quest
                  | for the Orb.
     0 | D:1      | Reached XP level 1. HP: 18/18 MP: 1/1
    78 | D:1      | Gained mutation: You have a pair of small horns on your
                  | head. [demonic ancestry]
    78 | D:1      | Reached XP level 2. HP: 5/24 MP: 2/2
   471 | D:1      | You fall into a shaft and drop 1 floor!
   622 | D:2      | Found a shadowy altar of Dithmenos.
   648 | D:2      | Reached XP level 3. HP: 28/29 MP: 3/3
   801 | D:2      | Found an iron altar of Okawaru.
   854 | D:2      | Reached ** piety under Trog
   863 | D:2      | Gained mutation: A weak demonic guardian rushes to your
                  | aid. [demonic ancestry]
   863 | D:2      | Reached XP level 4. HP: 4/37 MP: 4/4
  1134 | D:2      | Found a burning altar of Makhleb.
  1293 | D:2      | Found a white marble altar of Elyvilon.
  2389 | D:3      | Reached *** piety under Trog
  3000 | D:3      | Reached XP level 5. HP: 4/42 MP: 5/5
  3012 | D:3      | HP: 1/42 [gnoll/+0 spear (11)]
  3292 | D:3      | Found a radiant altar of Vehumet.
  3522 | D:3      | You fall into a shaft and drop 2 floors!
  3522 | D:5      | Entered Level 5 of the Dungeon
  3551 | D:5      | Noticed an ice beast
  3558 | D:5      | Killed an ice beast
  3558 | D:5      | Gained mutation: You sometimes gain a little power by
                  | taking damage. [demonic ancestry]
  3558 | D:5      | Reached XP level 6. HP: 29/49 MP: 6/6
  3904 | D:4      | Found a sparkling altar of Nemelex Xobeh.
  3904 | D:4      | Found a hazy altar of Hepliaklqana.
  4257 | D:4      | Reached skill level 5 in Fighting
  4370 | D:4      | Gained mutation: A demonic guardian rushes to your aid.
                  | [demonic ancestry]
  4370 | D:4      | Reached XP level 7. HP: 21/56 MP: 7/7
  4659 | D:4      | Reached skill level 5 in Axes
  5085 | D:4      | Noticed a hungry ghost
  5362 | D:4      | Killed a hungry ghost
  5539 | D:4      | Found a shimmering blue altar of Sif Muna.
  5685 | D:4      | Reached **** piety under Trog
  5709 | D:4      | Gained mutation: You possess an exceptional clarity of
                  | mind. [potion of mutation]
  5709 | D:4      | Gained mutation: You passively map a small area around you.
                  | [potion of mutation]
  5950 | D:5      | Found a stormy altar of Qazlal.
  6443 | D:6      | Found a hide-covered altar of Uskayaw.
  6443 | D:6      | Noticed a +0 hand axe
  6443 | D:6      | Noticed a +0 hand axe
  6633 | D:6      | Gained mutation: You have a pair of horns on your head.
                  | [demonic ancestry]
  6633 | D:6      | Reached XP level 8. HP: 63/64 MP: 8/8
  6658 | D:6      | Found a basalt altar of Yredelemnul.
  6693 | D:6      | Found a staircase to the Ecumenical Temple.
  7216 | D:6      | Slain by a scorpion

Levels and vault maps discovered:
D:1:      psy_arrival_spokes, layout_basic
D:2:      layout_loops_ring, makhleb_heckhound_becter,
          nicolae_overflow_crystal_walls, lemuel_crystal_altar,
          grunt_dithmenos_smoke
D:3:      layout_basic, vehumet_crystals
D:4:      layout_basic, kennysheep_mini, grunt_temple_overflow_open,
          nicolae_ossuary_entry_ruins, first_ration, dk_noncrumbling_3
D:5:      layout_basic, lemuel_crystal_altar, gup_sewer_entry_glass
D:6:      layout_loops_cross, dancing_weapons_uskayaw,
          yredelemnul_altar_generic, ashenzari_altar_1, minmay_temple_entry_mist

Skill      XL: |  1  2  3  4  5  6  7  8 |
---------------+-------------------------+-----
Dodging        | 2 3 4 |  4.2
Axes           | 3 4 5 6 |  6.1
Armour         | 2 3 4 |  4.0
Fighting       | 4 5 6 |  6.6

Action                   |  1- 3 |  4- 6 |  7- 9 || total
-------------------------+-------+-------+-------++-------
Melee: Hand axe          |    85 |   204 |   197 ||   486
       Headbutt          |    12 |    44 |    33 ||    89
Invok: Berserk           |     1 |     3 |     5 ||     9
  Use: Potion            |       |     6 |     6 ||    12
       Scroll            |       |     2 |     4 ||     6
 Stab: Sleeping          |     3 |       |       ||     3
       Distracted        |       |     1 |     1 ||     2
  Eat: Chunk             |       |     6 |     4 ||    10
       Ration            |       |     3 |     3 ||     6
Armor: Animal skin       |    12 |    28 |    18 ||    58
Dodge: Dodged            |    58 |   177 |   113 ||   348
